 Dungeon Crawl Stone Soup version 0.24.0-125-gc4c63601f3 (webtiles) character file.

Game seed: 14330934914697736285, levelgen mode: deterministic

14823 Frank2 the Basher (level 11, -5/86 HPs)
             Began as a Demonspawn Gladiator on Mar 20, 2020.
             Was a Priest of Fedhas.
             Slain by a wolf (6 damage)
             ... on level 1 of the Lair of Beasts.
             The game lasted 00:20:53 (10866 turns).

Frank2 the Basher (Demonspawn Gladiator)           Turns: 10866, Time: 00:20:54

Health: -5/86      AC: 17    Str: 17    XL:     11   Next: 93%
Magic:  0/26       EV:  9    Int: 10    God:    Fedhas [***...]
Gold:   726        SH:  0    Dex: 17    Spells: 10/10 levels left

rFire    . . .     SeeInvis .   a - +4 flail
rCold    . . .     Gourm    .   (no shield)
rNeg     . . .     Faith    .   e - +3 scale mail
rPois    .         Spirit   +   c - +2 helmet
rElec    .         Reflect  .   (no cloak)
rCorr    .         Harm     .   (no gloves)
MR       .....                  h - +0 pair of boots
Stlth    ..........             (no amulet)
HPRegen  0.24/turn              k - ring of magical power
MPRegen  0.20/turn              q - +2 ring of strength

@: extremely drained
A: talons 2, iridescent scales 2, powered by death 1, magic shield
a: Wall of Briars, Grow Ballistomycete, Renounce Religion


You were on level 1 of the Lair of Beasts.
You worshipped Fedhas.
Fedhas was most pleased with you.
You were very hungry.

You visited 3 branches of the dungeon, and saw 15 of its levels.

You collected 726 gold pieces.

Inventory:

Hand Weapons
 a - a +4 flail (weapon)
 s - a +2 dire flail
Armour
 c - a +2 helmet (worn)
 e - a +3 scale mail (worn)
 h - a +0 pair of boots (worn)
 o - +0 acid dragon scales
Jewellery
 b - an uncursed ring of protection from fire
 k - a ring of magical power (left hand)
 m - an uncursed ring of flight {unknown}
 q - a +2 ring of strength (right hand)
 r - an uncursed amulet of the acrobat {unknown}
Wands
 n - a wand of digging (2)
Scrolls
 g - a scroll of fear
 y - a scroll of remove curse {unknown}
Potions
 d - 2 potions of curing
 i - a potion of flight
 j - a potion of magic
 l - 3 potions of cancellation
 p - a potion of mutation {unknown}
 t - a potion of degeneration {unknown}
 u - a potion of lignification {unknown}
 v - a potion of ambrosia {unknown}
 w - a potion of resistance {unknown}
 B - 2 potions of brilliance
Comestibles
 f - 18 rations


   Skills:
 + Level 8.0(0.0) Fighting
 + Level 11.6(2.1) Maces & Flails
 - Level 1.7(0.0) Throwing
 + Level 7.2(0.0) Armour
 + Level 5.9(0.0) Dodging
 * Level 8.4(0.0) Evocations


You had 10 spell levels left.
You didn't know any spells.
Your spell library contained the following spells:

 Spells                   Type           Power        Failure   Level  Hunger
 Animate Skeleton         Necr           N/A          80%         1    ##.....
 Apportation              Tloc           #.....       80%         1    ##.....
 Beastly Appendage        Tmut           #.....       80%         1    ##.....
 Confusing Touch          Hex            #.....       80%         1    ##.....
 Flame Tongue             Conj/Fire      #....        80%         1    ##.....
 Freeze                   Ice            #...         80%         1    ##.....
 Summon Small Mammal      Summ           #...         80%         1    ##.....
 Sticks to Snakes         Tmut           #.......     91%         2    ###....
 Throw Frost              Conj/Ice       #.....       91%         2    ###....
 Ozocubu's Armour         Chrm/Ice       #.......     99%         3    ####...
 Spider Form              Tmut/Pois      #.........   99%         3    ####...
 Cause Fear               Hex            #.........   100%        4    #####..
 Ice Form                 Ice/Tmut       #.......     100%        4    #####..
 Summon Ice Beast         Ice/Summ       #.......     100%        4    #####..
 Throw Icicle             Conj/Ice       #.......     100%        4    #####..
 Blade Hands              Tmut           #.........   100%        5    ######.
 Bolt of Fire             Conj/Fire      #.........   100%        6    #######
 Dragon Form              Tmut           #.........   100%        7    #######
 Dragon's Call            Summ           #.........   100%        9    #######


Dungeon Overview and Level Annotations

Branches:
Dungeon (13/15)            Temple (1/1) D:7            Lair (1/6) D:9
    Orc: D:9-12      Vaults: D:13-14

Altars:
Ashenzari
Cheibriados
Dithmenos
Fedhas
Gozag
Kikubaaqudgha
Nemelex Xobeh
Okawaru
Qazlal
Ru
Trog
Uskayaw
Xom
Yredelemnul
The Shining One

Shops:
D:6 %   D:12 *

Annotations:
D:5 3 runed translucent doors, flt's ghost, novice GnSk
D:11 Snorg
Lair:1 Sonja


Innate Abilities, Weirdness & Mutations

You have razor-sharp toenails.
You are mostly covered in iridescent scales. (AC +4)
You regenerate a little health from kills.
When hurt, damage is shared between your health and your magic reserves.


Message History

The porcupine bites you but does no damage.
You barely miss the wolf.
The wolf is almost dead.
The wolf barely misses you. The wolf bites you!
* * * LOW HITPOINT WARNING * * *
The porcupine bites you but does no damage.
The wolf barely misses you. The wolf closely misses you.
The porcupine barely misses you.
You barely miss the wolf.
The wolf is almost dead.
The wolf misses you. The wolf bites you but does no damage.
The wolf barely misses you. The wolf bites you but does no damage.
The porcupine barely misses you. The wolf bites you.
* * * LOW HITPOINT WARNING * * *
Unknown command.
You barely miss the wolf.
The wolf is almost dead.
The wolf bites you but does no damage. The wolf bites you.
You die...
Fedhas appreciates your contribution to the ecosystem.

................#.#..#..#.#
..................#..##†..#.
....r.............#..#.....#
#....##...##.#...#.#.#..#.#
##.(.##...P# #......##.##..
#....#..)####.....#...##.#
#...##..h.##....#.##..##.#
#.......h####.....#.###..#
#......rr@# #...#####..#..
#..###..h## #.............
#..##P...# #.............
#..###...# #.............
#.K###...# #............#
#...##...# ##...#####....
#.†.##...# #....#####....
.######((#.#...####............
....(......................


You could see 3 wolves and 2 porcupines.

Vanquished Creatures
  Erolcha (D:11)
  2 two-headed ogres
  An ugly thing (D:12)
  A centaur zombie (D:7)
  Joseph (D:9)
  A spiny frog (Lair:1)
  3 komodo dragons
  A red devil (D:9)
  2 trolls
  A water elemental (D:11)
  A spriggan (D:7)
  A wyvern (D:10)
  25 yaks
  Eustachio (D:5)
  A hungry ghost (D:8)
  2 acid dragons
  8 porcupines
  3 ice beasts
  5 sky beasts
  3 orc warriors
  A phantom (D:13)
  6 ogres
  A centaur (D:12)
  A wolf (Lair:1)
  3 crocodiles
  7 bullfrogs
  3 scorpions
  A water moccasin skeleton (D:8)
  3 killer bees (D:10)
  5 wights (D:11)
  2 electric eels (D:11)
  5 crimson imps
  A quasit (D:7)
  4 hounds
  4 centaur skeletons
  2 bullfrog skeletons
  6 orc priests
  4 iguanas
  Ijyb (D:5)
  7 orc wizards
  7 worker ants
  9 adders
  An adder zombie (D:5)
  2 adder skeletons (D:7)
  3 worms
  3 dart slugs (D:1)
  9 leopard geckos
  31 orcs
  8 giant cockroaches
  5 hobgoblins
  9 jackals
  5 kobolds
  3 quokkas
  2 ball pythons
  A ball python zombie (D:3)
  5 bats
  8 frilled lizards
  10 goblins
  A jackal skeleton (D:8)
  A quokka skeleton (D:9)
  A quokka zombie (D:5)
  9 rats
264 creatures vanquished.

Vanquished Creatures (others)
  11 fungi
  5 plants
16 creatures vanquished.

Grand Total: 280 creatures vanquished

Notes
Turn   | Place    | Note
-------+----------+-------------------------------------------
     0 | D:1      | Frank2 the Demonspawn Gladiator began the quest for the
                  | Orb.
     0 | D:1      | Reached XP level 1. HP: 16/16 MP: 1/1
   126 | D:1      | Reached skill level 3 in Maces & Flails
   126 | D:1      | Gained mutation: You have sharp toenails. [demonic
                  | ancestry]
   126 | D:1      | Reached XP level 2. HP: 21/22 MP: 2/2
   435 | D:1      | Reached XP level 3. HP: 27/27 MP: 3/3
  1086 | D:2      | Reached skill level 1 in Armour
  1086 | D:2      | Gained mutation: You are partially covered in iridescent
                  | scales. (AC +2) [demonic ancestry]
  1086 | D:2      | Reached XP level 4. HP: 22/33 MP: 4/4
  2060 | D:3      | Reached skill level 4 in Maces & Flails
  2612 | D:4      | Reached XP level 5. HP: 33/39 MP: 5/5
  2735 | D:4      | Reached skill level 1 in Evocations
  3009 | D:5      | Entered Level 5 of the Dungeon
  3013 | D:5      | Noticed Ijyb
  3034 | D:5      | Killed Ijyb
  3034 | D:5      | Gained mutation: You are mostly covered in iridescent
                  | scales. (AC +4) [demonic ancestry]
  3034 | D:5      | Reached XP level 6. HP: 46/46 MP: 5/7
  3113 | D:5      | Found a hide-covered altar of Uskayaw.
  3114 | D:5      | Noticed a +0 hand axe
  3115 | D:5      | Noticed a +0 hand axe
  3251 | D:5      | Noticed Eustachio
  3263 | D:5      | Reached skill level 5 in Maces & Flails
  3305 | D:5      | Killed Eustachio
  3305 | D:5      | Gained mutation: When hurt, damage is shared between your
                  | health and your magic reserves. [demonic ancestry]
  3305 | D:5      | Reached XP level 7. HP: 41/52 MP: 8/8
  3495 | D:5      | Found a runed translucent gate.
  3495 | D:5      | Found a runed translucent gate.
  3495 | D:5      | Found a runed translucent gate.
  3496 | D:5      | Noticed flt's ghost (novice GnSk)
  3801 | D:6      | Found a glowing golden altar of the Shining One.
  3862 | D:6      | Found Qeugac's Food Shop.
  4128 | D:7      | Reached skill level 6 in Maces & Flails
  4128 | D:7      | Gained mutation: You regenerate a little health from kills.
                  | [demonic ancestry]
  4128 | D:7      | Reached XP level 8. HP: 37/60 MP: 10/10
  4240 | D:7      | Found an ancient bone altar of Kikubaaqudgha.
  4255 | D:7      | Found a stormy altar of Qazlal.
  4287 | D:7      | Found an iron altar of Okawaru.
  4338 | D:7      | Found a staircase to the Ecumenical Temple.
  4485 | D:7      | Reached skill level 7 in Maces & Flails
  5006 | D:8      | Reached XP level 9. HP: 62/67 MP: 12/12
  5381 | D:8      | Reached skill level 5 in Fighting
  5381 | D:8      | Reached skill level 8 in Maces & Flails
  5516 | D:8      | Noticed a two-headed ogre
  5519 | D:8      | Killed a two-headed ogre
  5519 | D:8      | Reached skill level 5 in Evocations
  5624 | D:8      | Found a basalt altar of Yredelemnul.
  5626 | D:8      | Found a shattered altar of Ashenzari.
  5626 | D:8      | Found an opulent altar of Gozag.
  5626 | D:8      | Found a shimmering altar of Xom.
  5860 | Temple   | Entered the Ecumenical Temple
  5945 | Temple   | Became a worshipper of Fedhas Madash
  6289 | D:9      | Noticed Joseph
  6300 | D:9      | Reached skill level 5 in Dodging
  6317 | D:9      | Killed Joseph
  6317 | D:9      | Reached skill level 9 in Maces & Flails
  6317 | D:9      | Gained mutation: You have razor-sharp toenails. [demonic
                  | ancestry]
  6317 | D:9      | Reached XP level 10. HP: 23/76 MP: 8/14
  6568 | D:9      | Noticed an orange demon
  6578 | D:9      | Reached skill level 5 in Armour
  6589 | D:9      | Found a basalt altar of Yredelemnul.
  6589 | D:9      | Noticed a rust devil
  6635 | D:9      | Found a staircase to the Lair.
  6688 | D:9      | HP: 3/76 [porcupine (4)]
  7607 | D:10     | Entered Level 10 of the Dungeon
  7659 | D:10     | Reached * piety under Fedhas
  7688 | D:10     | Reached skill level 10 in Maces & Flails
  7754 | D:10     | Reached XP level 11. HP: 48/84 MP: 15/16
  8062 | D:10     | You fall into a shaft and drop 3 floors!
  8123 | D:12     | Noticed a two-headed ogre
  8135 | D:12     | Killed a two-headed ogre
  8286 | D:12     | Found Nuso Ido's Assorted Antiques.
  8462 | D:12     | Reached ** piety under Fedhas
  8790 | D:12     | Noticed a cyan ugly thing
  8799 | D:12     | Killed a cyan ugly thing
  8835 | D:11     | Noticed Erolcha
  9163 | D:10     | Reached skill level 11 in Maces & Flails
  9279 | D:11     | Killed Erolcha
 10348 | D:11     | Noticed Snorg
 10354 | D:11     | Reached *** piety under Fedhas
 10538 | Lair:1   | Entered Level 1 of the Lair of Beasts
 10710 | Lair:1   | Noticed Sonja
 10864 | Lair:1   | HP: 3/86 [wolf (6)]
 10865 | Lair:1   | HP: 1/86 [wolf (3)]
 10866 | Lair:1   | Slain by a wolf

Levels and vault maps discovered:
D:1:      noname_arrival_rooms_in_the_neighbourhood, layout_basic
D:2:      layout_basic, first_ration
D:3:      cheibrodos_old_hovel, layout_loops_ring
D:4:      layout_cave_pools, minmay_circle_x
D:5:      layout_loops_cross, dancing_weapons_uskayaw,
          gammafunk_ghost_necromancy, uniq_ijyb, uniq_eustachio
D:6:      layout_rooms, old_standard_altar, serial_shops, nicolae_shop_trees
D:7:      layout_basic, chequers_temple_overflow_statue_of_worship,
          temple_fountains, the_bakery
D:8:      layout_loops_cross, grunt_temple_overflow_open
D:9:      layout_loops_ring, due_lair_maze_entry_diamond, lemuel_hellish_altar,
          uniq_joseph
D:10:     layout_loops_ring, enter_bailey_6, fungi_pond_lemuel
D:11:     layout_rooms, erik_orc_1, chequers_big_river, uniq_snorg, uniq_erolcha
D:12:     layout_basic, serial_shops, shop
D:13:     layout_grid_maze, minmay_puff
Temple:   nicolae_temple_figure_eight
Lair:1:   layout_small_grid, st_stairs_8, minmay_shattered_shrine, uniq_sonja

Skill      XL: |  1  2  3  4  5  6  7  8  9 10 11 |
---------------+----------------------------------+-----
Maces & Flails | 3 4 5 6 7 9 10 11 | 11.6
Dodging        | 3 4 5 |  5.9
Armour         | 1 2 3 4 6 7 |  7.2
Evocations     | 1 2 3 4 6 7 8 |  8.4
Fighting       | 3 4 5 7 8 |  8.0
Throwing       | |  1.7

Action                   |  1- 3 |  4- 6 |  7- 9 | 10-12 || total
-------------------------+-------+-------+-------+-------++-------
Melee: Flail             |   104 |   215 |   348 |   681 ||  1348
       Kick              |    13 |    47 |    61 |       ||   121
       Unarmed           |       |     6 |       |       ||     6
Throw: Throwing net      |       |     3 |     3 |       ||     6
Evoke: Wand              |       |       |     2 |     8 ||    10
  Use: Scroll            |       |    10 |    12 |    10 ||    32
       Potion            |       |       |     4 |     5 ||     9
 Stab: Confused          |       |     1 |       |       ||     1
       Held in net/web   |       |       |     2 |       ||     2
       Invisible         |       |       |     3 |       ||     3
       Paralysed         |       |       |       |    24 ||    24
  Eat: Chunk             |     1 |     7 |     8 |    15 ||    31
       Ration            |       |       |     1 |       ||     1
Armor: Leather armour    |    29 |    38 |       |       ||    67
       Scale mail        |       |    74 |   177 |   297 ||   548
       Skin              |       |     1 |       |       ||     1
Dodge: Dodged            |    96 |   160 |   204 |   364 ||   824
